AoeStats
← KuellerEgg

Nomad

503454025Analyzed
1v1 RM · 1mo ago on Aug 31, 2026· 41m 21s· 2 players
Game mode
Random Map
Map size
126×126
Population
200
Speed
Normal
Resources
Standard
Victory
Conquest
Starting age
Dark Age
Ending age
Imperial Age
RankedLock teamsTeams togetherTeam positionsShared explorationLock speedFull tech treeHidden civsTurbo modeCheats
Victory
Defeat
🇩🇪 Berbers · Germany
1202
+17
🇩🇪 Sicilians · Germany
1213
-17
KuellerEgg
6:51 Loom
13:26 Feudal Age
17:30 Castle Age
15:34 Double-Bit Axe
17:18 Fishing Lines
18:17 Fletching
19:05 Bodkin Arrow
21:02 Town Watch
21:53 Wheelbarrow
22:04 Gillnets
25:03 Bow Saw
30:57 Imperial Age
30:28 Forging
30:50 Bloodlines
30:40 Husbandry
30:01 Light Cavalry
30:47 Scale Barding Armor
31:03 Thumb Ring
38:14 Iron Casting
38:52 Chain Barding Armor
38:05 Elite Camel Archer
40:42 Bracer
The philosopher
4:42 Loom
15:27 Feudal Age
19:46 Castle Age
17:53 Double-Bit Axe
18:58 Fletching
20:49 Bodkin Arrow
21:38 Bow Saw
23:32 Horse Collar
25:07 Scale Mail Armor
25:51 Wheelbarrow
29:10 Chain Mail Armor
29:50 Forging
29:40 Town Watch
30:26 Squires
34:44 Imperial Age
33:09 Iron Casting
35:02 Hand Cart
36:28 Chemistry
36:31 Plate Mail Armor
37:41 Blast Furnace
37:29 Conscription
39:45 Ballistics
Connection lost

Rejoining the realm…

Still unreachable

The connection could not be restored.

Session expired

The server has moved on; the page needs a fresh start.